 Dungeon Crawl Stone Soup version 0.31-a0-744-gbc345e7fcb (webtiles) character file.

Game seed: 18413536776687532858

39699 CrazyBamboolord the Severer (level 13, -4/125 HPs)
             Began as a Minotaur Fighter on Sept 13, 2023.
             Was a High Priest of Okawaru.
             Slain by an orc knight
             ... wielding a +0 glaive
              (27 damage)
             ... on level 2 of the Orcish Mines.
             The game lasted 00:27:29 (15124 turns).

CrazyBamboolord the Severer (Minotaur Fighter)     Turns: 15124, Time: 00:27:30

Health: -4/125     AC: 24    Str: 25    XL:     13   Next: 70%
Magic:  15/15      EV: 10    Int:  8    God:    Okawaru [*****.]
Gold:   1330       SH:  7    Dex: 14    Spells: 12/12 levels left

rFire   + . .        u - +9 broad axe (drain)
rCold   . . .        c - +0 buckler
rNeg    . . .        b - +0 scale mail
rPois   .            a - +2 hat {Int+3}
rElec   .            H - +2 cloak {Will+}
rCorr   .            E - +2 pair of gloves {Dex+3}
SInv    .            T - +0 pair of boots
Will    +....        F - amulet of magic regeneration Stlth
                     A - ring of protection from fire
HPRegen 0.40/turn    o - +4 ring of protection
MPRegen 0.54/turn

%: no passive effects
@: studying Shields
A: horns 2, retaliatory headbutt
a: Renounce Religion, Heroism, Finesse, Duel


You were on level 2 of the Orcish Mines.
You worshipped Okawaru.
Okawaru was extremely pleased with you.
You visited 3 branches of the dungeon, and saw 14 of its levels.
You also visited: Ossuary, Bailey and Ice Cave.

You collected 1724 gold pieces.
You spent 394 gold pieces at shops.

Inventory:

Hand Weapons
 u - a +9 broad axe of draining (weapon)
Missiles
 l - 2 throwing nets
Armour
 a - a +2 hat of intelligence (worn)
 b - a +0 scale mail (worn)
 c - a +0 buckler (worn)
 E - a +2 pair of gloves of dexterity (worn)
 H - a +2 cloak of willpower (worn)
 T - a +0 pair of boots (worn)
Jewellery
 k - a +5 ring of evasion
 o - a +4 ring of protection (right hand)
 q - a ring of ice
 t - a ring of positive energy
 A - a ring of protection from fire (left hand)
 F - an amulet of magic regeneration (around neck)
 G - a ring of see invisible
 Q - a +6 ring of strength
Wands
 m - a wand of polymorph (14)
 n - a wand of iceblast (21)
 p - a wand of mindburst (5)
 v - a wand of flame (15)
 x - a wand of acid (6)
 K - a wand of paralysis (5)
Scrolls
 d - a scroll of fear {unknown}
 e - 2 scrolls of blinking
 g - 4 scrolls of immolation
 j - a scroll of poison
 w - a scroll of amnesia {unknown}
 y - 4 scrolls of enchant armour
 B - a scroll of vulnerability {unknown}
 R - a scroll of enchant weapon
Potions
 f - a potion of heal wounds
 h - a potion of enlightenment {unknown}
 i - a potion of attraction
 r - 3 potions of curing
 s - 6 potions of ambrosia
 z - 5 potions of resistance
 D - a potion of lignification {unknown}
 I - a potion of magic {unknown}
 J - a potion of brilliance {unknown}
 L - 2 potions of haste
 M - a potion of cancellation {unknown}
 N - a potion of might
 O - a potion of mutation {unknown}
 P - a potion of invisibility {unknown}


   Skills:
 * Level 14.3 Fighting
 - Level 18.0 Axes
 * Level 12.5 Armour
 * Level 12.3 Shields
 * Level 4.8 Invocations


You had 12 spell levels left.
You didn't know any spells.
Your spell library contained the following spells:

 Spells                   Type           Power      Damage    Failure   Level
 Freeze                   Ice            0%         1d3       67%         1
 Magic Dart               Conj           0%         1d3       67%         1
 Inner Flame              Hex/Fire       0%         N/A       95%         3
 Mephitic Cloud           Conj/Pois/Air  0%         N/A       95%         3
 Yara's Violent Unravell  Hex/Tmut       0%         3d3       100%        5
 Enfeeble                 Hex            0%         N/A       100%        7
 Ozocubu's Refrigeration  Ice            0%         4d7       100%        7
 Call Imp                 Summ           Unusable   N/A       N/A         2
 Summon Ice Beast         Ice/Summ       Unusable   N/A       N/A         4

Dungeon Overview and Level Annotations

Branches:
Dungeon (11/15)            Temple (1/1) D:5            Lair (0/5) D:10
    Orc (2/2) D:11            Elf (0/3) Orc:2       Ossuary (visited)
 Bailey (visited)           IceCv (visited)

Altars:
Ashenzari
Cheibriados
Dithmenos
Elyvilon
Fedhas
Gozag
Hepliaklqana
Kikubaaqudgha
Makhleb
Nemelex Xobeh
Okawaru
Qazlal
Ru
Sif Muna
Trog
Uskayaw
Vehumet
Wu Jian
Xom
Yredelemnul
Zin
The Shining One

Shops:
D:8 ?


Innate Abilities, Weirdness & Mutations

You have a pair of horns on your head.
You reflexively headbutt those who attack you in melee.


Message History

You hit the orc knight.
The orc knight is heavily wounded.
You slash the orc warrior!
You kill the orc warrior!
Okawaru accepts your kill.
You slice the orc!!
You kill the orc!
Okawaru accepts your kill.
You slice the orc knight!! You headbutt the orc knight.
The orc knight is almost dead.
The orc warrior hits you but does no damage.
The orc knight shoots a bolt.
You block the bolt.
The orc knight unwields a +0 arbalest.
The orc knight wields a +0 great mace.
You block the orc knight's attack.
Unknown command.
You slice the orc knight!!
You kill the orc knight!
Okawaru accepts your kill. You block the orc warrior's attack.
The orc knight shoots a bolt.
The bolt barely misses you.
Unknown command.
An orc warrior comes into view. It is wielding a +0 trident.
The orc warrior shouts!
You hear a shout! x3
The orc warrior hits you with a +0 halberd!
The orc knight unwields a +0 arbalest.
The orc knight wields a +0 glaive.
The orc knight hits you with a +0 glaive!!
* * * LOW HITPOINT WARNING * * *
The orc warrior moves out of view.
You slash the orc warrior! You headbutt the orc warrior.
The orc warrior is heavily wounded.
You slash the orc knight! You drain the orc knight. You slash the orc warrior!
You kill the orc warrior!
Okawaru accepts your kill.
You hit the orc knight. The orc knight misses you.
You slice the orc knight!! Your headbutt misses the orc knight.
The orc knight is severely wounded.
An orc warrior comes into view. It is wielding a +0 battleaxe.
The orc knight hits you with a +0 glaive!!
You die...

..#......≈≈≈≈###
............o.≈≈≈≈##
.....#..........≈≈≈# ≈≈
......##...o......≈≈# ≈≈
........##..##.)##...###..
...........................
## #.........................
..#
.#........)o........####.##
....
........)@..........##...#
..#..
#......).).....##.###..##
...##...#.).).......####....#
.........)......#.##.#.#....
#....#.........##.[..)##..
.#..............#.<.[#[#..
##..##........#.#.##)[.#.
#...###..#.#......##)[...
##.## .#.####..<...[...).


You could see an orc knight (strong, drained) and 2 orc warriors.

Vanquished Creatures
  Gastronok (D:10)
  An azure jelly (IceCv)
  An orc warlord (Orc:2)
  3 quicksilver oozes (IceCv)
  Erolcha (D:9)
  A centaur warrior (Orc:2)
  A two-headed ogre (Orc:2)
  An orc sorcerer (Orc:2)
  2 ugly things (D:8)
  A cyclops (D:11)
  3 orc knights
  3 ice statues (IceCv)
  Maurice (D:9)
  A kobold demonologist (D:11)
  A queen bee (D:11)
  7 trolls
  4 centaur simulacra (D:11)
  7 slime creatures (IceCv)
  Sigmund (D:5)
  2 wraiths
  5 wyverns
  3 shadows
  A basilisk (D:10)
  31 yaks
  A steam dragon (D:8)
  A warg (Orc:1)
  4 acid dragons (D:11)
  5 water moccasins
  21 orc warriors
  4 ice beasts
  6 ogres
  4 sky beasts
  4 black bears (D:10)
  4 great orb of eyes simulacra (IceCv)
  A wolf (D:11)
  6 centaurs
  3 slime creature simulacra (IceCv)
  An elf zombie (Ossuary)
  4 kobold brigands
  A phantom (D:4)
  6 bullfrogs
  4 glowing shapeshifter simulacra (IceCv)
  A scorpion (D:6)
  13 wights
  25 killer bees
  8 howler monkeys
  3 hounds
  7 orc priests
  A gnoll bouda (D:5)
  2 jellies
  13 orc wizards
  A sleepcap (D:6)
  4 iguanas
  Terence (D:3)
  3 shapeshifter simulacra (IceCv)
  2 mummies (Ossuary)
  9 gnolls
  10 adders
  4 white imps (D:11)
  3 worms
  2 dart slugs (D:1)
  59 orcs
  10 endoplasms
  3 giant cockroaches
  9 goblins
  8 hobgoblins
  3 jackals (D:1)
  A quokka (D:1)
  5 ball pythons
  4 bats
  5 frilled lizards
  3 gnoll zombies (Ossuary)
  7 goblin zombies (Ossuary)
  2 hobgoblin zombies (Ossuary)
  26 kobolds
  An orc zombie (Ossuary)
  3 rats
424 creatures vanquished.

Vanquished Creatures (others)
  2 orcs
2 creatures vanquished.

Grand Total: 426 creatures vanquished

Notes
Turn   | Place    | Note
-------+----------+-------------------------------------------
     0 | D:1      | CrazyBamboolord the Minotaur Fighter began the quest for
                  | the Orb.
     0 | D:1      | Reached XP level 1. HP: 19/19 MP: 0/0
   144 | D:1      | Reached XP level 2. HP: 16/27 MP: 1/1
   623 | D:1      | Reached XP level 3. HP: 30/33 MP: 2/2
  1443 | D:2      | Reached skill level 3 in Axes
  1867 | D:3      | Reached XP level 4. HP: 40/40 MP: 3/3
  2117 | D:3      | Reached XP level 5. HP: 43/47 MP: 4/4
  2122 | D:3      | Reached skill level 4 in Axes
  2127 | D:3      | Reached skill level 5 in Armour
  2257 | D:3      | Noticed Terence
  2263 | D:3      | Killed Terence
  2808 | D:4      | Noticed a phantom
  2814 | D:4      | Killed a phantom
  2815 | D:4      | Reached skill level 5 in Axes
  2815 | D:4      | Reached XP level 6. HP: 55/55 MP: 5/5
  2980 | D:4      | Reached skill level 5 in Fighting
  3417 | D:5      | Entered Level 5 of the Dungeon
  3489 | D:5      | Found a radiant altar of Vehumet.
  3500 | D:5      | Reached skill level 6 in Axes
  3500 | D:5      | Reached XP level 7. HP: 42/61 MP: 6/6
  3630 | D:5      | Found a staircase to the Ecumenical Temple.
  3635 | Temple   | Entered the Ecumenical Temple
  3719 | D:5      | Reached skill level 5 in Shields
  3747 | D:5      | Noticed Sigmund
  3754 | D:5      | Killed Sigmund
  3755 | D:5      | Reached skill level 7 in Axes
  3758 | D:5      | Found Emeum's Armour Emporium.
  3787 | D:5      | Found an opulent altar of Gozag.
  3885 | D:5      | Found a sand-covered staircase.
  3893 | Ossuary  | Entered an ossuary
  4308 | D:5      | Found a blossoming altar of Fedhas.
  4861 | D:6      | Reached skill level 8 in Axes
  4861 | D:6      | Reached XP level 8. HP: 46/70 MP: 7/7
  4974 | D:6      | Found a glowing golden altar of the Shining One.
  5129 | D:6      | Reached skill level 9 in Axes
  6354 | D:7      | Reached skill level 10 in Axes
  6354 | D:7      | Reached XP level 9. HP: 57/78 MP: 8/8
  6908 | D:7      | Found an ornate altar of the Wu Jian Council.
  6961 | D:8      | Reached skill level 11 in Axes
  7227 | D:8      | Found a sparkling altar of Nemelex Xobeh.
  7241 | D:8      | Noticed a green ugly thing
  7388 | D:8      | Killed a green ugly thing
  7407 | D:8      | Reached skill level 12 in Axes
  7523 | D:8      | Reached XP level 10. HP: 60/88 MP: 9/9
  7669 | D:8      | Found Musossis's Magic Scroll Boutique.
  7678 | D:8      | Bought a scroll of revelation for 82 gold pieces
  7678 | D:8      | Bought a scroll of teleportation for 33 gold pieces
  7678 | D:8      | Bought a scroll of blinking for 82 gold pieces
  7678 | D:8      | Bought a scroll of blinking for 82 gold pieces
  7678 | D:8      | Bought a scroll of teleportation for 33 gold pieces
  7678 | D:8      | Bought a scroll of blinking for 82 gold pieces
  7683 | D:8      | Found a sparkling altar of Nemelex Xobeh.
  8162 | D:8      | Noticed a brown ugly thing
  8163 | D:8      | Found a glowing silver altar of Zin.
  8184 | D:8      | Killed a brown ugly thing
  8185 | D:8      | Reached skill level 13 in Axes
  9731 | D:9      | Reached skill level 10 in Armour
  9987 | D:9      | Noticed Maurice
  9988 | D:9      | Noticed Erolcha
  9996 | D:9      | Killed Erolcha
 10015 | D:9      | Killed Maurice
 10016 | D:9      | Reached skill level 14 in Axes
 10016 | D:9      | Reached XP level 11. HP: 71/97 MP: 10/10
 10287 | D:9      | Found an iron altar of Okawaru.
 10520 | D:9      | Identified 2 scrolls of acquirement
 10521 | D:9      | Acquired a manual of Shields
 10574 | D:9      | Became a worshipper of Warmaster Okawaru
 10575 | D:9      | Acquired a +5 broad axe of draining
 10600 | D:10     | Entered Level 10 of the Dungeon
 10613 | D:10     | Noticed Gastronok
 10628 | D:10     | Killed Gastronok
 10628 | D:10     | Reached * piety under Okawaru
 10629 | D:10     | Reached skill level 10 in Fighting
 10629 | D:10     | Reached skill level 1 in Invocations
 10653 | D:10     | Found a flagged portal.
 10662 | Bailey   | Entered a bailey
 10786 | Bailey   | Reached skill level 17 in Axes
 10786 | Bailey   | Reached XP level 12. HP: 106/106 MP: 11/11
 11112 | D:10     | Found a staircase to the Lair.
 11115 | D:10     | Reached ** piety under Okawaru
 11395 | D:10     | Reached skill level 18 in Axes
 12076 | D:11     | Found a frozen archway.
 12087 | IceCv    | Entered an ice cave
 12123 | IceCv    | Reached *** piety under Okawaru
 12279 | IceCv    | Noticed a quicksilver ooze
 12289 | IceCv    | Killed a quicksilver ooze
 12565 | IceCv    | Reached skill level 10 in Shields
 12603 | IceCv    | Noticed a quicksilver ooze
 12607 | IceCv    | Killed a quicksilver ooze
 12607 | IceCv    | Reached **** piety under Okawaru
 12608 | IceCv    | Reached XP level 13. HP: 114/118 MP: 14/14
 12746 | IceCv    | Found a viscous altar of Jiyva.
 12746 | IceCv    | Noticed an azure jelly
 12749 | IceCv    | Noticed a quicksilver ooze
 12795 | IceCv    | Got the Directory of the Blizzard
 12910 | IceCv    | Killed a quicksilver ooze
 13095 | IceCv    | Killed an azure jelly
 13469 | D:11     | Found a staircase to the Orcish Mines.
 14136 | D:11     | Reached ***** piety under Okawaru
 14238 | Orc:1    | Entered Level 1 of the Orcish Mines
 14588 | Orc:2    | Entered Level 2 of the Orcish Mines
 14597 | Orc:2    | Noticed an orc warlord
 14617 | Orc:2    | Killed an orc warlord
 14617 | Orc:2    | Received a gift from Okawaru
 14975 | Orc:2    | Found a staircase to the Elven Halls.
 15124 | Orc:2    | Slain by an orc knight

Illustrated notes

Levels and vault maps discovered:
D:1:      dpeg_arrival_rhombus, layout_basic
D:2:      layout_basic
D:3:      layout_loops_cross, bh_walls_and_bars, uniq_terence
D:4:      layout_cave_pods
D:5:      layout_loops_cross, mainiacjoe_overflow_24_doors,
          kennysheep_little_box, lemuel_crystal_altar, temple_doors_cd,
          serial_shops, shop, lightli_ossuary_entry_decrepit_ruins, uniq_sigmund
D:6:      layout_basic, mainiacjoe_overflow_alcove_4
D:7:      layout_cave_pools, lemuel_round_altar
D:8:      minmay_angry_zag, layout_rooms, nemelex_xobeh_ov_fountains_minmay,
          serial_shops, shop, minmay_misc_feat_tiny, hangedman_feature_mirror,
          mrwooster_statue_mirror
D:9:      layout_roguey, old_standard_altar, uniq_erolcha, uniq_maurice
D:10:     layout_roguey, minmay_lair_entry_grove, enter_bailey_2, uniq_gastronok
D:11:     layout_roguey, david_orc_2, special_room [special_room_bee],
          serial_ice, serial_ice_g, serial_ice_b, serial_ice_k, serial_ice_m,
          portal_ice_cave_entry_pillars_2
Temple:   hellmonk_temple_two_chambers
Orc:1:    layout_caves, mines1_david
Orc:2:    st_orc_rangers, layout_caves, uniq_rupert

Skill      XL: |  1  2  3  4  5  6  7  8  9 10 11 12 13 |
---------------+----------------------------------------+-----
Armour         | 4 5 6 7 9 10 11 12 | 12.5
Shields        | 4 5 6 7 8 10 12 | 12.3
Fighting       | 4 5 6 8 9 10 12 14 | 14.3
Axes           | 3 5 6 8 10 12 14 17 18 | 18.0
Invocations    | 1 3 4 |  4.8

Action                     |  1- 3 |  4- 6 |  7- 9 | 10-12 | 13-15 || total
---------------------------+-------+-------+-------+-------+-------++-------
  Melee: War axe           |    97 |    94 |   277 |   160 |       ||   628
         Headbutt          |     8 |    15 |    46 |    77 |    36 ||   182
         Broad axe         |       |       |       |   197 |   202 ||   399
  Evoke: Wand              |       |       |       |     4 |     2 ||     6
    Use: Scroll            |     3 |     6 |     2 |    16 |     7 ||    34
         Potion            |       |       |     1 |     5 |     2 ||     8
 Armour: Scale mail        |    63 |    47 |   195 |   212 |   203 ||   720
  Dodge: Dodged            |    43 |    71 |   161 |   201 |   113 ||   589
  Block: Buckler           |    19 |    18 |    57 |    79 |    87 ||   260

Table legend: (Time is in decaauts)
 A = Elapsed time spent in this place.
 B = Non-inter-level travel time spent in this place.
 C = Inter-level travel time spent in this place.
 D = Time resting spent in this place.
 E = Time spent auto-exploring this place.
 F = Levels seen in this place.
 G = Mean time per level.
                   A        B        C        D        E       F      G
               +--------+--------+--------+--------+--------+-----+--------+
         Total |  15077 |  14502 |    575 |   2590 |   8840 |  17 |  886.9 |
       Dungeon |  12566 |  12006 |    560 |   1510 |   8231 |  11 | 1142.4 |
        Temple |      1 |      1 |      0 |      0 |      0 |   1 |    1.0 |
  Orcish Mines |    861 |    846 |     15 |    232 |    459 |   2 |  430.5 |
       Ossuary |    264 |    264 |      0 |     49 |    147 |   1 |  264.0 |
        Bailey |    388 |    388 |      0 |    213 |      3 |   1 |  388.0 |
      Ice Cave |    995 |    995 |      0 |    586 |      0 |   1 |  995.0 |
               +--------+--------+--------+--------+--------+-----+--------+

Top non-repeatable levels by time:
     D:8: 2359 daAuts
     D:6: 1458 daAuts
    D:11: 1362 daAuts
     D:7: 1177 daAuts
     D:1: 1173 daAuts
     D:9: 1031 daAuts
   IceCv: 995 daAuts
     D:4: 919 daAuts
     D:3: 892 daAuts
     D:5: 882 daAuts
    D:10: 812 daAuts
   Orc:1: 638 daAuts
     D:2: 496 daAuts
  Bailey: 388 daAuts
 Ossuary: 264 daAuts
